 Dungeon Crawl Stone Soup version 0.29.0-5-ge4962eb29e (webtiles) character file.

Game seed: 9274489369947735970

23186 sanka the Brawler (level 12, 126/126 HPs)
             Began as a Troll Monk on Aug 29, 2022.
             Was a High Priest of Okawaru.
             Quit the game on level 1 of the Orcish Mines.
             The game lasted 00:19:27 (11717 turns).

sanka the Brawler (Troll Monk)                     Turns: 11717, Time: 00:19:28

Health: 126/126    AC:  9    Str: 24    XL:     12   Next: 69%
Magic:  15/15      EV: 16    Int:  6    God:    Okawaru [*****.]
Gold:   453        SH:  0    Dex: 14    Spells: 11/11 levels left

rFire   + . .      SeeInvis +     - Unarmed
rCold   + . .      Faith    .   (no shield)
rNeg    . . .      Spirit   .   R - +3 troll leather armour {Snorg}
rPois   .          Reflect  .   (helmet restricted)
rElec   .          Harm     .   E - scarf {rC+ rF+}
rCorr   .          Rampage  .   (gloves unavailable)
Will    .....                   (boots unavailable)
Stlth   ++........              (no amulet)
HPRegen 1.91/turn               B - +4 ring of evasion
MPRegen 0.14/turn               t - ring of see invisible

@: no status effects
A: large, unfitting armour, claws 3, regeneration 1, shaggy fur 1, tough skin 1
a: Renounce Religion, Heroism, Finesse, Duel


You were on level 1 of the Orcish Mines.
You worshipped Okawaru.
Okawaru was extremely pleased with you.
You visited 3 branches of the dungeon, and saw 15 of its levels.

You collected 1546 gold pieces.
You spent 1093 gold pieces at shops.


Innate Abilities, Weirdness & Mutations

You are too large for most types of armour.
You have claws for hands.
Your natural rate of healing is unusually fast.
You are covered in fur. (AC +1)
You have tough skin. (AC +1)


   Skills:
 + Level 10.2 Fighting
 + Level 2.8 Throwing
 + Level 6.0 Dodging
 - Level 1.6 Stealth
 * Level 15.3 Unarmed Combat
 + Level 5.9 Invocations


You had 11 spell levels left.
You didn't know any spells.
Your spell library contained the following spells:

 Spells                   Type           Power      Damage    Failure   Level
 Apportation              Tloc           0%         N/A       50%         1
 Necrotise                Necr           0%         1d4       50%         1
 Dazzling Flash           Conj/Hex       0%         N/A       86%         3
 Frozen Ramparts          Ice            0%         1d1       86%         3
 Ice Form                 Ice/Tmut       0%         N/A       99%         4
 Iskenderun's Mystic Bla  Conj/Tloc      0%         2d3       99%         4
 Agony                    Necr           0%         N/A       100%        5
 Fireball                 Conj/Fire      0%         3d3       100%        5
 Iskenderun's Battlesphe  Conj           0%         2d6       100%        5
 Silence                  Hex/Air        0%         N/A       100%        5
 Conjure Ball Lightning   Conj/Air       0%         3x3d6     100%        6
 Starburst                Conj/Fire      0%         6d3       100%        6
 Orb of Destruction       Conj           0%         9d5       100%        7
 Summon Small Mammal      Summ           Unusable   N/A       N/A         1
 Summon Ice Beast         Ice/Summ       Unusable   N/A       N/A         4

Inventory:

Hand Weapons
 b - a +1 scimitar of flaming
Missiles
 a - 2 throwing nets {=f}
 g - 15 large rocks {=f}
 D - 3 curare-tipped darts {=f}
Armour
 e - a +0 cloak
 v - a +2 robe of willpower
 E - a scarf of resistance (worn)
 N - +0 steam dragon scales
 R - a +3 troll leather armour (worn) {Snorg}
Jewellery
 l - a ring of fire
 p - a ring of ice
 t - a ring of see invisible (right claw)
 x - a ring of wizardry
 B - a +4 ring of evasion (left claw)
 C - a +6 ring of intelligence
 L - an amulet of magic regeneration
Wands
 G - a wand of paralysis (15)
 I - a wand of iceblast (9)
 J - a wand of flame (30)
 M - a wand of acid (4)
 O - a wand of polymorph (4)
Scrolls
 c - 5 scrolls of teleportation {@r4}
 d - 7 scrolls of blinking
 f - 5 scrolls of noise {!r}
 h - a scroll of poison {!r}
 j - 2 scrolls of fear
 o - 2 scrolls of immolation {!r}
 r - 2 scrolls of magic mapping
 F - a scroll of silence {!r}
Potions
 i - 9 potions of heal wounds {@q2}
 k - 3 potions of mutation {!q}
 m - 3 potions of degeneration {unknown}
 n - 3 potions of haste {@q3}
 q - 4 potions of curing {@q1}
 s - 2 potions of might {unknown}
 u - 4 potions of invisibility
 w - a potion of berserk rage {unknown}
 y - a potion of ambrosia
 z - a potion of lignification {!q}
 A - 2 potions of flight
 H - 4 potions of attraction {unknown}
 K - 3 potions of brilliance {unknown}

Dungeon Overview and Level Annotations

Branches:
Dungeon (13/15)            Temple (1/1) D:4            Lair (0/5) D:10
    Orc (1/2) D:12
 Vaults: D:13-14

Altars:
Ashenzari
Cheibriados
Dithmenos
Elyvilon
Fedhas
Gozag
Hepliaklqana
Kikubaaqudgha
Makhleb
Nemelex Xobeh
Okawaru
Qazlal
Ru
Sif Muna
Trog
Uskayaw
Vehumet
Wu Jian
Xom
Yredelemnul
Zin
The Shining One

Shops:
D:3 ?   D:5 (!**   D:9 ! D:11

? ▒▒▒▒▒▒▒▒▒
▒....▒..▒
.........
▒.......▒▒ .
.O.......▒▒....
.h.....T.......
............£..
.....>......▒..
oT....▒........
.........▒.....
..........▒.▒..
..... .... .. .
..▒........ ▒▒


You could see a troll, a warg, an orc sorcerer and an ogre (wandering).


Message History

You feel sick.
You feel sick.
You are no longer poisoned.
You start resting.
You feel like a meek peon again.
Things that are here:
a +0 war axe; a +0 robe; a meliai corpse HP restored.
There is an open door here.
There is an open door here.
There is an open door, spattered with blood here.
Items here: ††††.
You see here a hell hound skeleton.
There is an open door here.
There is an open door here.
You see here a hell hound skeleton.
There is an open door, spattered with blood here.
You see here a hell hound skeleton.
There is an open door here.
There is a staircase to the Orcish Mines here.
You climb downwards.
Welcome to the Orcish Mines!
The troll shouts!
The warg howls!
You hear a shout!
You hear a shout!
Found 21 gold pieces.
Found a stone staircase leading down.
There is a staircase back to the Dungeon here.
Are you sure you want to abandon this character and quit the game? (Confirm with "yes".)

Action                   |  1- 3 |  4- 6 |  7- 9 | 10-12 || total
-------------------------+-------+-------+-------+-------++-------
Melee: Unarmed           |    97 |    99 |   335 |   480 ||  1011
       Punch             |     3 |     1 |    17 |    41 ||    62
       Scimitar          |       |       |       |     7 ||     7
Invok: Heroism           |       |       |       |    13 ||    13
Evoke: Wand              |       |       |       |     2 ||     2
  Use: Scroll            |       |     7 |       |     7 ||    14
 Stab: Sleeping          |     2 |     2 |     4 |     1 ||     9
       Distracted        |       |       |     1 |       ||     1
Armor: Robe              |    30 |    27 |   109 |    57 ||   223
       Troll leather arm |       |       |       |    42 ||    42
Dodge: Dodged            |    36 |    47 |   194 |   293 ||   570

Levels and vault maps discovered:
D:1:      dpeg_arrival_connections, layout_basic,
          hellmonk_ecumenical_altar_watching_god, nicolae_wormholes
D:2:      layout_loops_corners
D:3:      layout_rooms, lemuel_crystal_altar, serial_shops,
          nicolae_shop_waterfront, ebering_ghost_reflecting_pool
D:4:      layout_loops_ring, temple_hall, hangedman_decor_growths,
          guppyfry_early_orc_mine
D:5:      layout_loops_ring, vehumet_crystals, mainiacjoe_overflow_alcove_1,
          serial_shops, nicolae_shop_waterfront,
          nicolae_shop_overgrown_old_shop, nicolae_shop_bloodbath_and_beyond,
          serial_co_window_serial, co_window_paths_a, co_window_paths_a,
          co_window_paths_a, co_window_paths_a, co_window_of_opportunity_a,
          co_window_broadway_b, co_window_unsneaky_path_b, co_window_cross_4,
          co_window_paths_d, co_window_4corner_b, glass_columns_b,
          glass_columns_c, glass_columns_b, glass_columns_c, glass_columns_c,
          nicolae_shop_clearance
D:6:      layout_basic, minmay_fractal_squares_gapless_5
D:7:      layout_cave_pods
D:8:      kennysheep_spiral_hall, layout_loops_corners,
          nicolae_yredelemnul_corpse_copse
D:9:      layout_rooms, fedhas_altar_2, xom_confusion_cloud, lemuel_tele_altar,
          chequers_temple_overflow_statue_of_worship, serial_shops,
          nicolae_take_the_stairs, chequers_serial_rivers_room_a
D:10:     layout_cave_pools, gammafunk_temple_overflow_elements,
          lair_entry_dummy, serial_park, serial_park_paths
          [serial_park_minivault_5x5_1], serial_park_tiny_1, serial_park_square3
          [serial_park_minivault_5x5_3], uniq_maurice
D:11:     layout_rooms, serial_shops, nicolae_stop_n_shop_2, special_room
          [special_room_orc], uniq_snorg
D:12:     layout_roguey, orc_0_dummy, uniq_azrael, uniq_nessos
D:13:     cross_vault, layout_long_grid, david_vaults_1, minmay_circle_x,
          uniq_jorgrun
Temple:   bh_familiar_temple
Orc:1:    layout_caves, basic_altar

Notes
Turn   | Place    | Note
-------+----------+-------------------------------------------
     0 | D:1      | sanka the Troll Monk began the quest for the Orb.
     0 | D:1      | Reached XP level 1. HP: 22/22 MP: 0/0
   463 | D:1      | Found a faded altar of an unknown god.
   464 | D:1      | Noticed a golden eye
   473 | D:1      | Noticed a great orb of eyes
   479 | D:1      | Noticed a shining eye
   483 | D:1      | Noticed a golden eye
   702 | D:1      | Reached XP level 2. HP: 29/29 MP: 1/1
  1427 | D:2      | Reached XP level 3. HP: 33/36 MP: 2/2
  2156 | D:3      | Found Lerphoep's Magic Scroll Boutique.
  2156 | D:3      | Found a hazy altar of Hepliaklqana.
  2185 | D:3      | Bought a scroll of identify for 24 gold pieces
  2185 | D:3      | Bought a scroll of blinking for 90 gold pieces
  2185 | D:3      | Bought a scroll of teleportation for 36 gold pieces
  2197 | D:3      | Found a runed translucent door.
  2233 | D:3      | Reached skill level 3 in Dodging
  2233 | D:3      | Reached XP level 4. HP: 44/44 MP: 3/3
  2238 | D:3      | Reached skill level 3 in Fighting
  2406 | D:3      | Noticed sentinel's ghost (amateur MeEE)
  2413 | D:3      | Reached skill level 4 in Unarmed Combat
  2447 | D:3      | Reached XP level 5. HP: 53/53 MP: 4/4
  2726 | D:3      | Killed sentinel's ghost
  2727 | D:3      | Reached skill level 5 in Unarmed Combat
  2727 | D:3      | Reached XP level 6. HP: 57/61 MP: 5/5
  2763 | D:3      | Identified a scroll of acquirement
  2767 | D:3      | Acquired 808 gold pieces
  2878 | D:4      | Reached skill level 6 in Unarmed Combat
  2950 | D:4      | Found a staircase to the Ecumenical Temple.
  2979 | Temple   | Entered the Ecumenical Temple
  3284 | D:4      | Noticed an orc warrior
  3296 | D:4      | Killed an orc warrior
  3325 | D:4      | Reached skill level 7 in Unarmed Combat
  3325 | D:4      | Reached XP level 7. HP: 67/67 MP: 6/6
  3779 | D:5      | Entered Level 5 of the Dungeon
  3783 | D:5      | Found Eculuth's Weapon Shop.
  3809 | D:5      | Bought a +0 scimitar of flaming for 110 gold pieces
  3814 | D:5      | Found a radiant altar of Vehumet.
  3827 | D:5      | Found Onax Upp's Distillery.
  3943 | D:5      | Found Biekh's CLEARANCE SALE!.
  3978 | D:5      | Bought a potion of heal wounds for 60 gold pieces
  3978 | D:5      | Bought a potion of haste for 120 gold pieces
  3978 | D:5      | Bought a potion of lignification for 36 gold pieces
  3978 | D:5      | Bought a potion of invisibility for 96 gold pieces
  3978 | D:5      | Bought a potion of mutation for 96 gold pieces
  3978 | D:5      | Bought a potion of flight for 36 gold pieces
  4002 | D:5      | Reached skill level 8 in Unarmed Combat
  4331 | D:5      | Found a shimmering blue altar of Sif Muna.
  4374 | D:5      | Found Vufapack's Assorted Antiques.
  4384 | D:5      | Bought a glowing scarf for 232 gold pieces
  4384 | D:5      | Identified a scarf of resistance (You bought it in a shop
                  | on level 5 of the Dungeon)
  4979 | D:6      | Reached XP level 8. HP: 64/75 MP: 7/7
  4987 | D:6      | Reached skill level 9 in Unarmed Combat
  5036 | D:6      | HP: 6/75 [kobold/+0 short sword (3)]
  5168 | D:6      | Reached skill level 10 in Unarmed Combat
  5903 | D:7      | Reached skill level 4 in Fighting
  6231 | D:8      | Reached XP level 9. HP: 73/85 MP: 8/8
  6265 | D:7      | Reached skill level 11 in Unarmed Combat
  6296 | D:8      | Reached skill level 5 in Fighting
  7104 | D:8      | Reached skill level 6 in Fighting
  7129 | D:8      | Found a basalt altar of Yredelemnul.
  7169 | D:8      | Reached skill level 12 in Unarmed Combat
  7627 | D:8      | Reached XP level 10. HP: 87/100 MP: 9/9
  7680 | D:8      | Reached skill level 7 in Fighting
  7695 | D:8      | Identified the +5 chain mail "Gofooch" {Int+3}
  8107 | D:9      | Found a blossoming altar of Fedhas.
  8510 | D:9      | Found an opulent altar of Gozag.
  8543 | D:9      | Reached skill level 13 in Unarmed Combat
  8606 | D:9      | Found a shimmering altar of Xom.
  8606 | D:9      | Noticed a two-headed ogre
  8622 | D:9      | Reached skill level 8 in Fighting
  8633 | D:9      | HP: 8/104 [two-headed ogre/+0 giant club (15)]
  8634 | D:9      | HP: 3/104 [two-headed ogre/+0 giant club (5)]
  8649 | D:9      | HP: 9/104 [bullfrog (7)]
  8893 | D:9      | Found Axkiabes's Distillery.
  8937 | D:9      | Killed a two-headed ogre
  8986 | D:9      | Identified +0 steam dragon scales
  9135 | D:9      | Found a hide-covered altar of Uskayaw.
  9136 | D:9      | Found an iron altar of Okawaru.
  9222 | D:9      | Became a worshipper of Warmaster Okawaru
  9222 | D:9      | Reached * piety under Okawaru
  9222 | D:9      | Reached ** piety under Okawaru
  9372 | D:10     | Entered Level 10 of the Dungeon
  9392 | D:10     | Found a staircase to the Lair.
  9486 | D:10     | Reached skill level 1 in Invocations
  9486 | D:10     | Reached XP level 11. HP: 102/113 MP: 10/10
  9504 | D:10     | Noticed a two-headed ogre
  9519 | D:10     | Killed a two-headed ogre
  9641 | D:10     | Reached skill level 2 in Invocations
  9748 | D:10     | Noticed Maurice
  9752 | D:10     | Paralysed by Maurice for 2 turns
  9758 | D:10     | Reached *** piety under Okawaru
  9759 | D:10     | Reached skill level 9 in Fighting
  9770 | D:10     | Killed Maurice
  9874 | D:10     | Found a bloodstained altar of Trog.
  9874 | D:10     | Found an ancient bone altar of Kikubaaqudgha.
 10074 | D:11     | Reached skill level 14 in Unarmed Combat
 10074 | D:11     | Reached skill level 3 in Invocations
 10095 | D:11     | Noticed a skeletal warrior
 10112 | D:11     | Killed a skeletal warrior
 10113 | D:11     | Reached skill level 4 in Dodging
 10126 | D:11     | Noticed a skeletal warrior
 10141 | D:11     | Killed a skeletal warrior
 10141 | D:11     | Reached **** piety under Okawaru
 10188 | D:11     | Noticed a skeletal warrior
 10212 | D:11     | Killed a skeletal warrior
 10297 | D:11     | Noticed Snorg
 10311 | D:11     | Killed Snorg
 10312 | D:11     | Reached skill level 4 in Invocations
 10457 | D:11     | Noticed a five-headed hydra
 10469 | D:11     | Killed a one-headed hydra
 10469 | D:11     | Reached ***** piety under Okawaru
 10618 | D:11     | Found Lir Pau's Magic Scroll Shoppe.
 10632 | D:11     | Bought a scroll of blinking for 112 gold pieces
 10632 | D:11     | Bought a scroll of teleportation for 45 gold pieces
 10671 | D:11     | Reached skill level 5 in Dodging
 10723 | D:11     | Noticed a boulder beetle
 10738 | D:11     | Killed a boulder beetle
 10739 | D:11     | Reached XP level 12. HP: 83/126 MP: 12/14
 10830 | D:11     | Reached skill level 5 in Invocations
 11000 | D:12     | Reached skill level 1 in Throwing
 11022 | D:12     | Reached skill level 10 in Fighting
 11063 | D:12     | Noticed Nessos
 11077 | D:12     | Killed Nessos
 11143 | D:12     | Reached skill level 2 in Throwing
 11248 | D:12     | Reached skill level 15 in Unarmed Combat
 11317 | D:12     | Found a staircase to the Orcish Mines.
 11368 | D:12     | Noticed Azrael
 11401 | D:12     | Killed Azrael
 11512 | D:12     | Reached skill level 6 in Dodging
 11635 | D:13     | Noticed a centaur warrior
 11716 | Orc:1    | Entered Level 1 of the Orcish Mines
 11716 | Orc:1    | Identified a +1 robe of resistance
 11717 | Orc:1    | Quit the game

Vanquished Creatures
  Nessos (D:12)
  Azrael (D:12)
  Snorg (D:11)
  A boulder beetle (D:11)
  A hydra (D:11)
  2 two-headed ogres
  3 skeletal warriors (D:11)
  A manticore (D:12)
  3 cyclopes (D:11)
  Maurice (D:10)
  A gargoyle (D:12)
  An efreet (D:12)
  2 unseen horrors
  A komodo dragon (D:10)
  An unseen horror zombie (D:8)
  A kobold demonologist (D:11)
  A troll (D:10)
  A meliai (D:12)
  2 hornets
  11 slime creatures (D:12)
  A shadow (D:11)
  2 wraiths
  A wyvern (D:9)
  A vampire (D:10)
  23 yaks
  3 fire elementals (D:12)
  A steam dragon (D:9)
  2 water moccasins
  4 hell hounds (D:12)
  A black bear (D:7)
  2 ice beasts
  5 orc warriors
  3 ogres
  5 centaurs
  The ghost of sentinel the Digger, an amateur MeEE (D:3)
  3 kobold brigands
  3 bullfrogs
  2 gnoll sergeants
  A necrophage (D:8)
  4 scorpions
  11 wights
  20 killer bees
  An electric eel (D:9)
  5 howler monkeys
  5 centaur zombies (D:8)
  3 hounds
  4 orc priests
  A jelly (D:6)
  A gnoll bouda (D:7)
  2 iguanas
  23 orc wizards
  A killer bee zombie (D:8)
  2 howler monkey zombies (D:8)
  15 gnolls
  10 adders
  An ufetubus (D:5)
  2 worms (D:2)
  58 orcs
  4 endoplasms
  4 giant cockroaches
  4 goblins
  4 hobgoblins
  3 jackals (D:3)
  3 quokkas
  6 ball pythons
  5 bats
  3 frilled lizards
  23 kobolds
  7 rats
336 creatures vanquished.

Vanquished Creatures (others)
  A hell hound (D:12)
  A centaur (D:9)
2 creatures vanquished.

Grand Total: 338 creatures vanquished
